 Dungeon Crawl Stone Soup version 0.22-a0-183-g9e71ff9 (webtiles) character file.

3981 Firecrotchwizard the Carver (level 10, -8/93 HPs)
             Began as a Minotaur Gladiator on Feb 14, 2018.
             Was an Elder of Okawaru.
             Mangled by a two-headed ogre
             ... wielding a +0 giant club
              (10 damage)
             ... on level 7 of the Dungeon on Feb 15, 2018.
             The game lasted 00:12:12 (7005 turns).

Firecrotchwizard the Carver (Minotaur Gladiator)    Turns: 7005, Time: 00:12:13

Health: -8/93      AC:  7    Str: 19    XL:     10   Next: 2%
Magic:  7/9        EV: 12    Int:  7    God:    Okawaru [****..]
Gold:   264        SH:  0    Dex: 15    Spells: 9/9 levels left

rFire    . . .     SeeInvis .   a - +0 long sword
rCold    . . .     Gourm    .   (no shield)
rNeg     . . .     Faith    .   j - +0 ring mail
rPois    .         Spirit   .   c - +0 hat
rElec    .         Reflect  .   (no cloak)
rCorr    .         Harm     .   x - +1 pair of gloves
MR       .....                  (no boots)
Stlth    +.........             (no amulet)
HPRegen  0.25/turn              i - +2 ring of intelligence
MPRegen  0.11/turn              (no ring)

@: no status effects
A: retaliatory headbutt, horns 2
a: Heroism, Renounce Religion


You were on level 7 of the Dungeon.
You worshipped Okawaru.
Okawaru was greatly pleased with you.
You were not hungry.

You visited 1 branch of the dungeon, and saw 7 of its levels.
You also visited: Ossuary.

You collected 264 gold pieces.

Inventory:

Hand Weapons
 a - a +0 long sword (weapon)
 t - a +0 hand axe of freezing
   (You found it on level 4 of the Dungeon)
 u - a +3 whip of venom
   (You took it off a gnoll on level 4 of the Dungeon)
Missiles
 d - 6 throwing nets {=f, !d}
Armour
 b - a +0 leather armour
 c - a +0 hat (worn)
 j - a +0 ring mail (worn)
   (You found it on level 1 of the Dungeon)
 x - a +1 pair of gloves (worn)
   (You found it on level 5 of the Dungeon)
Jewellery
 i - a +2 ring of intelligence (left hand)
   (You found it on level 3 of the Dungeon)
Wands
 v - a wand of enslavement (26)
   (You found it on level 5 of the Dungeon)
 B - a wand of clouds (5)
   (You found it on level 6 of the Dungeon)
Scrolls
 g - 6 scrolls of remove curse
 q - a scroll of enchant weapon {unknown}
 r - a scroll of fog
 w - a scroll of blinking {!r}
 y - a scroll of teleportation
 D - a scroll of magic mapping {!r}
Potions
 e - 2 potions of magic
 h - 3 potions of lignification {!q}
 k - 2 potions of flight
 m - a potion of mutation {unknown}
 n - 2 potions of might
 o - 3 potions of curing
 p - 2 potions of agility
 s - 2 potions of berserk rage {unknown}
 z - 2 potions of brilliance
 E - a potion of invisibility {unknown}
 F - a potion of resistance {unknown}
 G - a potion of heal wounds {unknown}
Comestibles
 f - 12 rations {@e1}
 l - 9 chunks of flesh {@w0}


   Skills:
 + Level 10.2 Fighting
 * Level 13.9 Long Blades
 - Level 2.0 Throwing
 - Level 3.2 Dodging


You had 9 spell levels left.
You didn't know any spells.

Dungeon Overview and Level Annotations

Branches:
Dungeon (7/15)             Temple (0/1) D:7

Altars:
Fedhas
Kikubaaqudgha
Makhleb
Nemelex Xobeh
Okawaru
Qazlal
Ru
Sif Muna
Trog
Vehumet
Wu Jian
Zin
The Shining One

Annotations:
D:7 4 runed doors


Innate Abilities, Weirdness & Mutations

You reflexively headbutt those who attack you in melee.
You have a pair of horns on your head.


Message History

You kill the yak!
Okawaru accepts your kill.
No target in view!
You start resting.
Health restored: 85 You butcher the yak corpse.
l - 9 chunks of flesh {@w0} (gained 6)
A - a glowing scythe You drop a glowing scythe.
You see here a scroll of random uselessness.
There is an open door here.
A leopard gecko comes into view.
The leopard gecko hisses angrily.
The leopard gecko bites you. The leopard gecko barely misses you.
You riposte.
You hit the leopard gecko.
You take 1 damage, and have 84/85 hp.
You barely miss the leopard gecko.
You kill the leopard gecko!
Okawaru accepts your kill.
No target in view!
You see here 24 stones.
There is an open door here.
Health restored: 85 The gnoll shouts!
You slash the gnoll! The gnoll barely misses you.
You closely miss the gnoll. You hit the gnoll.
You kill the gnoll!
Okawaru accepts your kill.
No target in view!
A two-headed ogre comes into view.
It is wielding a giant spiked club and a great mace.
The two-headed ogre shouts in stereo!
The two-headed ogre misses you. The two-headed ogre closely misses you.
Things that are here:
a club; a ring of intelligence; 2 scrolls of random uselessness You gain the combat prowess of a mighty hero.
The two-headed ogre closely misses you. You furiously retaliate!
You headbutt the two-headed ogre.
You riposte.
You hit the two-headed ogre but do no damage.
The two-headed ogre hits you with a great mace!
A crimson imp comes into view.
You take 8 damage, and have 77/85 hp.
You now have 6/8 mp.
You hit the two-headed ogre. You headbutt the two-headed ogre!
You hit the two-headed ogre but do no damage.
The two-headed ogre hits you with a giant spiked club!
The two-headed ogre barely misses you.
You take 12 damage, and have 65/85 hp.
You slash the two-headed ogre!
A two-headed ogre comes into view. It is wielding two giant clubs.
You barely miss the two-headed ogre.
Your headbutt misses the two-headed ogre.
The two-headed ogre completely misses you.
You furiously retaliate!
You headbutt the two-headed ogre.
You riposte.
You slash the two-headed ogre!
You headbutt the two-headed ogre, but do no damage.
The two-headed ogre closely misses you.
You hit the two-headed ogre.
The crimson imp blinks!
The two-headed ogre closely misses you.
You riposte.
You hit the two-headed ogre but do no damage.
The two-headed ogre hits you with a great mace!
You take 12 damage, and have 53/85 hp.
You hit the two-headed ogre. You hit the two-headed ogre.
The two-headed ogre hits you with a giant spiked club.
The two-headed ogre barely misses you.
You take 6 damage, and have 48/85 hp.
You hit the two-headed ogre. You slash the two-headed ogre!
You kill the two-headed ogre!
Okawaru is honoured by your kill.
Your base Fighting skill increases to level 10!
You have reached level 10!
You regained 5 hp, and now have 53/93 hp.
You slash the two-headed ogre! You headbutt the two-headed ogre!
You slash the two-headed ogre! The two-headed ogre closely misses you.
You furiously retaliate!
You headbutt the two-headed ogre!
You riposte.
You slash the two-headed ogre!
Your headbutt misses the two-headed ogre.
The two-headed ogre hits you with a giant club!
You take 9 damage, and have 44/93 hp.
You barely miss the two-headed ogre.
The two-headed ogre completely misses you.
The two-headed ogre hits you with a giant club.
You take 1 damage, and have 43/93 hp.
You barely miss the two-headed ogre.
You feel like a meek peon again.
You barely miss the two-headed ogre.
You headbutt the two-headed ogre, but do no damage.
The crimson imp shouts, "Give up, thou odious fly-bitten pissant!"
The two-headed ogre hits you with a giant club!!
* * * LOW HITPOINT WARNING * * *
The two-headed ogre hits you with a giant club!!
* * * LOW HITPOINT WARNING * * *
You take 42 damage, and have 1/93 hp.
MASSIVE DAMAGE!!
You hit the two-headed ogre. You hit the two-headed ogre.
The two-headed ogre barely misses you. You furiously retaliate!
You headbutt the two-headed ogre!
The two-headed ogre hits you with a giant club!
You die...

........#.#.#.*
......###.#.#.*
....g.#...#.#.*
._....#.###.#.########
......#.....#........###
......#######..........##
####..# #...######..## ,*
#..#######..##O5..##..#
.*##...........#@##**,#..#
.,#..<.........##.#,,,#..#
..#.#...##++##.'.##,*,#..#
..#.#..##8,,8#####,**,#..#
..#.#..#8,,,,8* *,,*,##..#
....#..#,,,,,,* *****#...#
.......#,,,,,,* ######.(.#
..###..#8,,,,8* #)...##..#
#.###..##8,,8#######..#..#


You could see a two-headed ogre and a crimson imp.

Vanquished Creatures
  A two-headed ogre (D:7)
  The ghost of
  100101001 the Digger, a novice DgEE (D:4)
  Grinder (D:6)
  Sigmund (D:4)
  3 yaks (D:7)
  4 hogs (D:7)
  A human (D:7)
  Menkaure (D:7)
  A sky beast (D:7)
  An orc warrior (D:7)
  A centaur (D:6)
  A gnoll sergeant (D:6)
  An elf zombie (Ossuary)
  3 bullfrogs
  An elf skeleton (D:5)
  3 wights (D:7)
  2 crimson imps
  3 hounds
  A bullfrog zombie (D:6)
  4 iguanas
  An orc wizard (D:7)
  5 worker ants
  4 human skeletons (D:5)
  A big kobold zombie (Ossuary)
  4 mummies (Ossuary)
  10 gnolls
  5 adders
  An adder skeleton (D:5)
  An adder zombie (Ossuary)
  A worm (D:2)
  2 dart slugs (D:1)
  4 leopard geckos
  4 orcs
  5 bats
  4 giant cockroaches
  6 goblins
  2 hobgoblins
  10 jackals
  2 kobolds
  3 quokkas
  4 frilled lizards
  A giant cockroach zombie (D:6)
  A gnoll zombie (Ossuary)
  2 goblin zombies (Ossuary)
  A hobgoblin zombie (Ossuary)
  2 kobold zombies (Ossuary)
  3 orc skeletons (D:5)
  4 orc zombies
  A quokka skeleton (D:6)
  A quokka zombie (D:7)
  7 rats
  2 rat zombies (Ossuary)
139 creatures vanquished.

Notes
Turn   | Place    | Note
-------+----------+-------------------------------------------
     0 | D:1      | Firecrotchwizard the Minotaur Gladiator began the quest for the Orb.
     0 | D:1      | Reached XP level 1. HP: 18/18 MP: 0/0
    62 | D:1      | Reached skill level 4 in Long Blades
    93 | D:1      | Reached XP level 2. HP: 25/25 MP: 1/1
   492 | D:1      | Reached skill level 3 in Fighting
   810 | D:2      | Found an iron altar of Okawaru.
   819 | D:2      | Reached XP level 3. HP: 26/31 MP: 2/2
   828 | D:2      | Became a worshipper of Warmaster Okawaru
  1547 | D:2      | Reached skill level 5 in Long Blades
  1944 | D:3      | Found a stormy altar of Qazlal.
  2104 | D:3      | Reached XP level 4. HP: 38/38 MP: 3/3
  2105 | D:3      | Found a deep blue altar of Sif Muna.
  2105 | D:3      | Found a bloodstained altar of Trog.
  2115 | D:3      | Found a faded altar of an unknown god.
  2117 | D:3      | Found a faded altar of an unknown god.
  2119 | D:3      | Found an iron altar of Okawaru.
  2436 | D:4      | Found an ornate altar of the Wu Jian Council.
  2502 | D:4      | Reached skill level 4 in Fighting
  2502 | D:4      | Reached skill level 6 in Long Blades
  2502 | D:4      | Reached XP level 5. HP: 43/46 MP: 4/4
  2515 | D:4      | Noticed Sigmund
  2520 | D:4      | Killed Sigmund
  2520 | D:4      | Reached * piety under Okawaru
  2520 | D:4      | Reached skill level 7 in Long Blades
  2520 | D:4      | Reached XP level 6. HP: 53/55 MP: 5/5
  2658 | D:4      | Noticed 100101001's ghost (novice DgEE)
  2669 | D:4      | Killed 100101001's ghost
  2669 | D:4      | Reached skill level 5 in Fighting
  2669 | D:4      | Reached skill level 8 in Long Blades
  2669 | D:4      | Reached XP level 7. HP: 23/62 MP: 3/6
  3104 | D:5      | Entered Level 5 of the Dungeon
  3159 | D:5      | Reached skill level 6 in Fighting
  3338 | D:5      | Found a sand-covered staircase.
  3347 | D:5      | Reached skill level 9 in Long Blades
  3361 | Ossuary  | Entered an ossuary
  3701 | Ossuary  | Reached ** piety under Okawaru
  3807 | D:5      | Reached XP level 8. HP: 44/71 MP: 7/7
  4030 | D:5      | Found a glowing golden altar of the Shining One.
  4086 | D:6      | Noticed Grinder
  4086 | D:6      | Found a sparkling altar of Nemelex Xobeh.
  4092 | D:6      | Reached skill level 7 in Fighting
  4092 | D:6      | Reached skill level 10 in Long Blades
  4094 | D:6      | Killed Grinder
  4415 | D:6      | Found a radiant altar of Vehumet.
  4526 | D:6      | Reached skill level 11 in Long Blades
  4764 | D:6      | Found a glowing silver altar of Zin.
  4772 | D:6      | Found a blossoming altar of Fedhas.
  4774 | D:6      | Found an ancient bone altar of Kikubaaqudgha.
  4888 | D:6      | Reached skill level 8 in Fighting
  5006 | D:6      | Found a burning altar of Makhleb.
  5006 | D:6      | Noticed a blizzard demon
  5140 | D:6      | Found a sacrificial altar of Ru.
  5267 | D:7      | Found a large runed door.
  5267 | D:7      | Found a large runed door.
  5267 | D:7      | Noticed Menkaure
  5471 | D:7      | HP: 18/74 [??? (15)]
  5474 | D:7      | HP: 7/74 [??? (4)]
  5475 | D:7      | Killed Menkaure
  5793 | D:7      | Found a bloodstained altar of Trog.
  5833 | D:7      | Reached *** piety under Okawaru
  5833 | D:7      | Reached XP level 9. HP: 37/82 MP: 8/8
  5838 | D:7      | HP: 14/82 [yak (13)]
  5840 | D:7      | Reached skill level 12 in Long Blades
  6221 | D:7      | Reached skill level 9 in Fighting
  6617 | D:7      | Found a large runed door.
  6617 | D:7      | Found a large runed door.
  6634 | D:7      | Reached skill level 13 in Long Blades
  6847 | D:7      | Reached **** piety under Okawaru
  6988 | D:7      | Noticed a two-headed ogre
  6993 | D:7      | Noticed a two-headed ogre
  6998 | D:7      | Killed a two-headed ogre
  6998 | D:7      | Reached skill level 10 in Fighting
  6998 | D:7      | Reached XP level 10. HP: 52/93 MP: 6/9
  7003 | D:7      | HP: 21/93 [two-headed ogre/giant club (22)]
  7003 | D:7      | HP: 1/93 [two-headed ogre/giant club (20)]
  7005 | D:7      | Mangled by a two-headed ogre

Vault maps used:
D:1:      enne_arrival_octagon_isle
D:2:      first_ration, fountainhead, okawaru_metal_pillars_1_2
D:3:      nicolae_qazlal_eye_of_the_storm, chequers_temple_overflow_minitemple
D:4:      kennysheep_mini, uniq_sigmund
D:5:      kennysheep_mini_moat, nicolae_ossuary_entry_catacombs
D:6:      grunt_temple_overflow_growth_and_decay, old_standard_altar,
          fiery_altar_vehumet, nemelex_xobeh_ov_fountains_minmay,
          overflow_temple_1_default, makhleb_altar_promises_db, uniq_grinder
D:7:      minmay_temple_entry_butterflies, basic_altar, minmay_misc_feat_rugged,
          grunt_livestock, minmay_hollow_rounded_squares, uniq_menkaure
Ossuary:  ossuary_minmay_tomb_2a

Skill      XL: |  1  2  3  4  5  6  7  8  9 |
---------------+----------------------------+-----
Long Blades    | 4 5 6 7 8 9 11 13 | 13.9
Fighting       | 3 4 5 6 8 10 | 10.2
Throwing       | |  2.0
Dodging        | |  3.2

Action                   |  1- 3 |  4- 6 |  7- 9 | 10-12 || total
-------------------------+-------+-------+-------+-------++-------
Melee: Long sword        |    66 |    42 |   285 |     7 ||   400
       Headbutt          |    10 |    10 |    84 |     2 ||   106
       Punch             |       |     1 |       |       ||     1
Invok: Heroism           |       |     1 |     5 |       ||     6
  Use: Scroll            |       |       |    15 |       ||    15
 Stab: Distracted        |       |       |     1 |       ||     1
  Eat: Chunk             |     3 |       |     4 |       ||     7
       Ration            |       |     1 |     3 |       ||     4
Armor: Leather armour    |     5 |       |       |       ||     5
       Ring mail         |    19 |     8 |    64 |       ||    91
Dodge: Dodged            |    49 |    28 |   154 |     3 ||   234
       Rpst.: Long sword |    14 |     6 |    46 |     1 ||    67

Table legend:
 A = Spawn XP
 B = Non-spawn XP
 C = Spawn XP percentage of total XP
 D = Spawn monster count
 E = Non-spawn monster count
 F = Spawn count percentage of total count
 G = Total turns spent on level
                    A         B        C        D         E        F      G
               +---------+---------+-------+---------+---------+-------+---------
         Total |       0 |    5688 |   0.0 |       0 |     139 |   0.0 |  7005
               +---------+---------+-------+---------+---------+-------+---------
           D:1 |       0 |      33 |   0.0 |       0 |      19 |   0.0 |   795
           D:2 |       0 |      38 |   0.0 |       0 |      13 |   0.0 |   872
           D:3 |       0 |      32 |   0.0 |       0 |       5 |   0.0 |   674
           D:4 |       0 |     784 |   0.0 |       0 |      17 |   0.0 |   763
           D:5 |       0 |     337 |   0.0 |       0 |      20 |   0.0 |   565
           D:6 |       0 |    1011 |   0.0 |       0 |      22 |   0.0 |  1980
           D:7 |       0 |    3248 |   0.0 |       0 |      27 |   0.0 |   950
       Ossuary |       0 |     205 |   0.0 |       0 |      16 |   0.0 |   406
               +---------+---------+-------+---------+---------+-------+---------

Vault maps used:
D:1:      enne_arrival_octagon_isle
D:2:      first_ration, fountainhead, okawaru_metal_pillars_1_2
D:3:      nicolae_qazlal_eye_of_the_storm, chequers_temple_overflow_minitemple
D:4:      kennysheep_mini, uniq_sigmund
D:5:      kennysheep_mini_moat, nicolae_ossuary_entry_catacombs
D:6:      grunt_temple_overflow_growth_and_decay, old_standard_altar,
          fiery_altar_vehumet, nemelex_xobeh_ov_fountains_minmay,
          overflow_temple_1_default, makhleb_altar_promises_db, uniq_grinder
D:7:      minmay_temple_entry_butterflies, basic_altar, minmay_misc_feat_rugged,
          grunt_livestock, minmay_hollow_rounded_squares, uniq_menkaure
Ossuary:  ossuary_minmay_tomb_2a

Table legend:
 A = Turns spent in this place as a percentage of turns spent in the entire game.
 B = Non-inter-level travel turns spent in this place as a percentage of non-inter-level travel turns spent in the entire game.
 C = Inter-level travel turns spent in this place as a percentage of turns spent in this place.
 D = Turns resting spent in this place as a percentage of non-inter-level travel turns spent in this place.
 E = Turns spent auto-exploring this place as a percentage of non-inter-level travel turns spent in this place.
 F = Non-inter-level travel turns spent in this place divided by the number of levels of this place that you've seen.
                   A       B       C       D       E      F
               +-------+-------+-------+-------+-------+----------------------
         Total | 100.0 | 100.0 |   2.9 |  36.9 |  48.8 | 850.2
       Dungeon |  94.2 |  94.0 |   3.1 |  35.6 |  50.4 | 913.7
       Ossuary |   5.8 |   6.0 |   0.0 |  57.6 |  22.9 | 406.0
               +-------+-------+-------+-------+-------+----------------------

Table legend:
 A = Kills in this place as a percentage of kills in entire the game.
 B = Kills by you in this place as a percentage of kills by you in the entire game.
 C = Kills by friends in this place as a percentage of kills by friends in the entire game.
 D = Other kills in this place as a percentage of other kills in the entire game.
 E = Experience gained in this place as a percentage of experience gained in the entire game.
 F = Experience gained in this place divided by the number of levels of this place that you have seen.
                   A       B       C       D       E      F
               +-------+-------+-------+-------+-------+----------------------
         Total | 100.0 | 100.0 |   N/A |   N/A | 100.0 | 711.0
       Dungeon |  88.5 |  88.5 |   N/A |   N/A |  96.4 | 783.3
       Ossuary |  11.5 |  11.5 |   N/A |   N/A |   3.6 | 205.0
               +-------+-------+-------+-------+-------+----------------------
